cohdb
Replays
Latest Replays
All Replays
Popular Replays
Top Player Replays
Match Explorer
How It Works
Community
CoH3 Stats
Reddit
Sign in to upload your games and track your stats! →
Sign in with Steam
Match 46839020
Unlisted
Match 46839020
Overview
Messages
Build Orders
End
Engineer Squad
Construct Barracks
Riflemen Squad
Riflemen Squad
Grenade Package
Riflemen Squad
Infantry Support Center
Construct Motor Pool
M1 Anti-tank Gun Team
Selects Special Operations Battlegroup
Selects M29 Weasel with M1 Pack Howitzer
M8 Greyhound Armored Car
M1918 Browning Automatic Rifles
M1 Anti-tank Gun Team
M1 Anti-tank Gun Team
Makak
PutPut-AutistInPerfection
Havoc
K. Ronaldo
0
0
Comments
sign in to comment!
No comments posted yet!